 Dungeon Crawl Stone Soup version 0.28.0-45-g0d030f2227 (webtiles) character file.

Game seed: 12213313956164522150

3728 MisterFreud the Covert (level 10, -5/76 (81) HPs)
             Began as a Gnoll Delver on May 27, 2022.
             Was an Initiate of Yredelemnul.
             Slain by a two-headed ogre
             ... wielding a +0 giant spiked club
              (9 damage)
             ... on level 8 of the Dungeon.
             The game lasted 00:21:08 (10431 turns).

MisterFreud the Covert (Gnoll Delver)              Turns: 10431, Time: 00:21:09

HP:   -5/76 (81)    AC: 14    Str: 14    XL:     10   Next: 14%
MP:   17/17         EV: 14    Int:  8    God:    Yredelemnul [......]
Gold: 387           SH:  0    Dex: 16    Spells: 19/19 levels left

rFire   + . .      SeeInvis +   O - +4 short sword
rCold   . . .      Faith    +   (no shield)
rNeg    . . .      Spirit   .   n - +4 ring mail "Avuypob" {rF+ Str+2 Int-5 Dex+2}
rPois   +          Reflect  .   h - +0 helmet
rElec   .          Harm     .   j - +1 cloak
rCorr   .          Rampage  .   o - +0 pair of gloves
Will    .....                   (no boots)
Stlth   ++++......              v - amulet of faith
HPRegen 0.22/turn               z - ring of poison resistance
MPRegen 0.15/turn               A - ring of see invisible

@: drained
A: fangs 1, strong nose, distributed training
a: Renounce Religion, Recall Undead Harvest


You were on level 8 of the Dungeon.
You worshipped Yredelemnul.
Yredelemnul was noncommittal.
You visited 1 branch of the dungeon, and saw 9 of its levels.

You collected 474 gold pieces.
You spent 87 gold pieces at shops.

Inventory:

Hand Weapons
 O - a +4 short sword (weapon)
Missiles
 q - 2 throwing nets (quivered)
 r - 5 javelins
 y - 15 poisoned darts
 L - a boomerang of dispersal
Armour
 b - a +0 leather armour
 h - a +0 helmet (worn)
 j - a +1 cloak (worn)
 n - the +4 ring mail "Avuypob" (worn) {rF+ Str+2 Int-5 Dex+2}
   (You found it on level 3 of the Dungeon)

   Str:       It affects your strength (+2).
   Int:       It affects your intelligence (-5).
   Dex:       It affects your dexterity (+2).
   rF:        It protects you from fire.
 o - a +0 pair of gloves (worn)
 E - a +1 chain mail of willpower
 G - a +0 plate armour of fire resistance
Jewellery
 v - an amulet of faith (around neck)
 w - a ring of fire
 z - a ring of poison resistance (left hand)
 A - a ring of see invisible (right hand)
 H - a ring of protection from cold
Wands
 g - a wand of digging (3)
 D - a wand of iceblast (13)
 F - a wand of mindburst (16)
 I - a wand of flame (12)
Scrolls
 c - a scroll of fog
 d - 5 scrolls of magic mapping
 e - a scroll of fear
 p - a scroll of brand weapon
 t - 4 scrolls of teleportation
 J - a scroll of acquirement
 K - a scroll of enchant armour
 M - a scroll of silence
Potions
 f - a potion of haste
 i - 2 potions of cancellation
 k - 4 potions of flight
 l - 2 potions of lignification
 m - a potion of mutation
 s - 2 potions of berserk rage
 u - 2 potions of might
 x - a potion of degeneration
 B - 7 potions of heal wounds
 C - a potion of attraction
 N - 2 potions of curing {unknown}


   Skills:
 + Level 8.3 Fighting
 + Level 6.8 Short Blades
 + Level 5.0 Long Blades
 + Level 5.0 Axes
 + Level 5.0 Maces & Flails
 + Level 5.0 Polearms
 + Level 5.0 Staves
 + Level 5.0 Slings
 + Level 5.0 Bows
 + Level 5.0 Crossbows
 + Level 5.0 Throwing
 + Level 5.0 Armour
 + Level 6.8 Dodging
 + Level 10.8 Stealth
 + Level 5.0 Shields
 + Level 5.0 Unarmed Combat
 + Level 5.0 Spellcasting
 + Level 4.1 Conjurations
 + Level 4.1 Hexes
 + Level 4.1 Summonings
 + Level 4.1 Necromancy
 + Level 4.1 Translocations
 + Level 4.1 Transmutations
 + Level 4.1 Fire Magic
 + Level 4.1 Ice Magic
 + Level 4.1 Air Magic
 + Level 4.1 Earth Magic
 + Level 4.1 Poison Magic
 + Level 5.5 Invocations
 + Level 5.0 Evocations


You had 19 spell levels left.
You didn't know any spells.
Your spell library contained the following spells:

 Spells                   Type           Power      Damage    Failure   Level
 Animate Skeleton         Necr           16%        N/A       10%         1
 Pain                     Necr           32%        1d5       10%         1
 Vampiric Draining        Necr           8%         2d6       28%         3
 Animate Dead             Necr           4%         N/A       67%         4
 Borgnjor's Vile Clutch   Necr/Erth      4%         N/A       95%         5
 Death Channel            Necr           Unusable   N/A       N/A         6

Dungeon Overview and Level Annotations

Branches:
Dungeon (9/15)             Temple (0/1) D:4             Orc (0/2) D:9
   Lair: D:8-11

Altars:
Dithmenos
Makhleb
Nemelex Xobeh
Sif Muna
Yredelemnul

Shops:
D:1 *   D:8 :   D:9 (

Annotations:
D:4 2 transporters, Nydiazath's ghost, amateur DrTm


Innate Abilities, Weirdness & Mutations

You have very sharp teeth.
Your uncanny sense of smell can sniff out nearby items.
Your experience applies equally to all skills.


Message History

The steam dragon hisses angrily.
The two-headed ogre shouts in stereo!
The two-headed ogre closely misses you. The two-headed ogre misses you.
The steam dragon breathes steam at you. The ball of steam hits you. You resist.
There is a stone staircase leading up here.
The two-headed ogre is engulfed in a cloud of scalding steam.
The two-headed ogre hits you with a +0 giant spiked club.
The two-headed ogre barely misses you.
You climb upwards.
There is a stone staircase leading down, spattered with blood here.
You hit the two-headed ogre.
The two-headed ogre is lightly wounded.
The two-headed ogre hits you with a +0 giant spiked club!! x2
Okay, then.
Aiming: Mindburst
Press: ? - help, Shift-Dir - straight line, f - two-headed ogre
Aim: a two-headed ogre, wielding two +0 giant spiked clubs (lightly wounded, chance to affect: 67%)
The two-headed ogre's minds are blasted!!
The two-headed ogre misses you. x2
Unknown command.
Aiming: Mindburst
Press: ? - help, Shift-Dir - straight line, f/p - two-headed ogre
Aim: a two-headed ogre, wielding two +0 giant spiked clubs (heavily wounded, chance to affect: 67%)
The two-headed ogre struggles to resist.
Unknown command.
Aiming: Mindburst
Press: ? - help, Shift-Dir - straight line, f/p - two-headed ogre
Aim: a two-headed ogre, wielding two +0 giant spiked clubs (heavily wounded, chance to affect: 67%)
The two-headed ogre's minds are blasted!
The two-headed ogre hits you with a +0 giant spiked club.
* * * LOW HITPOINT WARNING * * *
The two-headed ogre barely misses you.
Unknown command.
You hit the two-headed ogre.
The two-headed ogre is almost dead.
The two-headed ogre hits you with a +0 giant spiked club!
* * * LOW HITPOINT WARNING * * *
The two-headed ogre hits you with a +0 giant spiked club!
You die...
Your body rises from the dead as a mindless zombie.

### ############ #.#
#.#####..........########.####
#..........##..........##.....
#.#####..#.#...........'Z.....
####.# #....#.#...........#######
.....###....#.#.###'######.......
#.##..........(...#.#### #.######
#.##.....#..#.#........# #.##....
#.#.............@......# #.##....
#.#......#..###..O..#..###.##.[..
#.#......#..#...#..###..##'##....
#.#.....##..#.....##(##..........
#.#.....+..........#.#....)......
#.#.....####....#.##.##.#........
#.#.###........####...####.......
#.#.# #.####..##.........##..##..
#.#.# #.# #...####...#'##....+..


You could see a two-headed ogre.

Vanquished Creatures
  A yak (D:8)
  A steam dragon (D:9)
  Edmund (D:4)
  An acid dragon (D:8)
  3 orc warriors
  3 sky beasts
  2 necrophages
  6 ogres
  A centaur (D:7)
  2 kobold brigands
  A phantom (D:5)
  A gnoll sergeant (D:8)
  A bullfrog (D:7)
  2 scorpions
  A water moccasin zombie (D:5)
  3 killer bees (D:9)
  4 wights (D:8)
  A crimson imp (D:6)
  2 jellies
  2 orc priests (D:6)
  2 hounds
  2 gnoll shamans
  A centaur skeleton (D:5)
  A centaur zombie (D:6)
  3 bullfrog skeletons
  An iguana (D:5)
  A howler monkey zombie (D:8)
  Robin (D:3)
  16 gnolls
  5 adders
  A howler monkey skeleton (D:5)
  A shadow imp (D:8)
  A worm (D:2)
  2 dart slugs
  17 orcs
  5 endoplasms
  2 giant cockroaches
  12 goblins
  10 hobgoblins
  4 jackals (D:4)
  8 kobolds
  2 quokkas
  5 ball pythons
  3 bats
  4 frilled lizards
  6 rats
155 creatures vanquished.

Vanquished Creatures (collateral kills)
  An ice beast (D:7)
  A phantom (D:6)
  A water moccasin skeleton (D:6)
  A centaur zombie (D:5)
  An orc priest (D:6)
  A jelly (D:7)
  2 orc wizards (D:9)
  6 orcs (D:9)
14 creatures vanquished.

Vanquished Creatures (others)
  A centaur zombie (D:7)
  A spectral steam dragon (D:9)
  2 killer bee zombies (D:9)
  A spectral jelly (D:6)
  2 adder zombies
  A spectral shadow imp (D:8)
  5 gnoll zombies
  2 kobolds (D:9)
  2 kobold zombies (D:9)
  16 orc zombies
33 creatures vanquished.

Grand Total: 202 creatures vanquished

Notes
Turn   | Place    | Note
-------+----------+-------------------------------------------
     0 | D:5      | Reached skill level 9 in Stealth
     0 | D:5      | MisterFreud the Gnoll Delver began the quest for the Orb.
     0 | D:5      | Reached XP level 1. HP: 23/23 MP: 1/1
    45 | D:5      | Reached XP level 2. HP: 29/29 MP: 2/2
    65 | D:5      | Reached XP level 3. HP: 35/35 MP: 2/4
    71 | D:5      | Reached skill level 1 in Long Blades
    71 | D:5      | Reached skill level 1 in Axes
    71 | D:5      | Reached skill level 1 in Maces & Flails
    71 | D:5      | Reached skill level 1 in Polearms
    71 | D:5      | Reached skill level 1 in Staves
    71 | D:5      | Reached skill level 1 in Slings
    71 | D:5      | Reached skill level 1 in Bows
    71 | D:5      | Reached skill level 1 in Crossbows
    71 | D:5      | Reached skill level 1 in Throwing
    71 | D:5      | Reached skill level 1 in Armour
    71 | D:5      | Reached skill level 1 in Shields
    71 | D:5      | Reached skill level 1 in Unarmed Combat
    71 | D:5      | Reached skill level 1 in Spellcasting
    71 | D:5      | Reached skill level 1 in Invocations
    71 | D:5      | Reached skill level 1 in Evocations
    71 | D:5      | Reached XP level 4. HP: 41/41 MP: 2/5
   106 | D:5      | Noticed an ogre
   328 | D:3      | Identified the +4 ring mail "Avuypob" {rF+ Str+2 Int-5
                  | Dex+2}
   854 | D:1      | Reached skill level 1 in Conjurations
   854 | D:1      | Reached skill level 1 in Hexes
   854 | D:1      | Reached skill level 1 in Summonings
   854 | D:1      | Reached skill level 1 in Necromancy
   854 | D:1      | Reached skill level 1 in Translocations
   854 | D:1      | Reached skill level 1 in Transmutations
   854 | D:1      | Reached skill level 1 in Fire Magic
   854 | D:1      | Reached skill level 1 in Ice Magic
   854 | D:1      | Reached skill level 1 in Air Magic
   854 | D:1      | Reached skill level 1 in Earth Magic
   854 | D:1      | Reached skill level 1 in Poison Magic
   987 | D:1      | Found Xaeho's Assorted Antiques.
  1005 | D:1      | Bought a metallic golden potion for 27 gold pieces
  1005 | D:1      | Bought a scroll labelled OSHRING NOISUER for 30 gold pieces
  1005 | D:1      | Bought a scroll labelled PURYNI UXTEUSAOTH for 30 gold
                  | pieces
  1448 | D:2      | Found a faded altar of an unknown god.
  1545 | D:2      | Reached XP level 5. HP: 47/47 MP: 6/6
  1925 | D:3      | Found a basalt altar of Yredelemnul.
  2017 | D:3      | Noticed Robin
  2028 | D:3      | Killed Robin
  2457 | D:3      | Became a worshipper of Yredelemnul the Dark
  2469 | D:4      | Noticed an ogre
  2489 | D:4      | Killed an ogre
  2490 | D:4      | Reached XP level 6. HP: 45/53 MP: 8/8
  2550 | D:4      | Reached skill level 5 in Short Blades
  2550 | D:4      | Reached skill level 5 in Dodging
  2591 | D:4      | Reached * piety under Yredelemnul
  2634 | D:4      | Noticed Edmund
  2641 | D:4      | Killed Edmund
  2642 | D:4      | Reached XP level 7. HP: 59/59 MP: 10/10
  2966 | D:4      | Found a transporter.
  2968 | D:4      | Noticed Nydiazath's ghost (amateur DrTm)
  2969 | D:4      | Found a transporter.
  3045 | D:4      | Found a staircase to the Ecumenical Temple.
  3129 | D:4      | Reached ** piety under Yredelemnul
  4129 | D:5      | Reached skill level 10 in Stealth
  4907 | D:5      | Reached XP level 8. HP: 59/67 MP: 12/12
  5304 | D:6      | Found a sparkling altar of Nemelex Xobeh.
  5800 | D:6      | Reached XP level 9. HP: 73/73 MP: 14/14
  6336 | D:6      | Found a burning altar of Makhleb.
  6615 | D:7      | HP: 1/73 [orc warrior/+0 flail (7)]
  7775 | D:8      | Found Qiuqisum's Book Shop.
  8990 | D:8      | Identified a scroll of acquirement
  9023 | D:8      | Reached skill level 5 in Invocations
  9186 | D:9      | Noticed a death yak
  9188 | D:9      | Noticed a death yak
  9199 | D:9      | Noticed a death yak
  9223 | D:9      | Found a shadowy altar of Dithmenos.
  9239 | D:9      | Found a staircase to the Orcish Mines.
  9241 | D:9      | Found Sualim's Weapon Emporium.
  9303 | D:9      | Reached XP level 10. HP: 29/80 MP: 17/17
  9633 | D:9      | Found a shimmering blue altar of Sif Muna.
  9685 | D:9      | Reached *** piety under Yredelemnul
 10032 | D:9      | Noticed a two-headed ogre
 10089 | D:8      | Reached skill level 5 in Long Blades
 10089 | D:8      | Reached skill level 5 in Axes
 10089 | D:8      | Reached skill level 5 in Maces & Flails
 10089 | D:8      | Reached skill level 5 in Polearms
 10089 | D:8      | Reached skill level 5 in Staves
 10089 | D:8      | Reached skill level 5 in Slings
 10089 | D:8      | Reached skill level 5 in Bows
 10089 | D:8      | Reached skill level 5 in Crossbows
 10089 | D:8      | Reached skill level 5 in Throwing
 10089 | D:8      | Reached skill level 5 in Armour
 10089 | D:8      | Reached skill level 5 in Shields
 10089 | D:8      | Reached skill level 5 in Unarmed Combat
 10089 | D:8      | Reached skill level 5 in Spellcasting
 10089 | D:8      | Reached skill level 5 in Evocations
 10431 | D:8      | Slain by a two-headed ogre

Illustrated notes

Levels and vault maps discovered:
D:1:      tarquinn_simple_flora_water_f, layout_loops_ring, serial_shops,
          nicolae_shop_crystal
D:2:      layout_loops_corners, shapermc_ecumenical_altar_acropolis
D:3:      layout_basic, overflow_temple_1_default, uniq_robin
D:4:      layout_basic, minmay_temple_entry_statues_fountains,
          gammafunk_ghost_mausoleum, hangedman_minor_gate_pass, uniq_edmund
D:5:      layout_basic, kennysheep_generic_room_16
D:6:      layout_loops_ring, makhleb_grotto_becter, mainiacjoe_overflow_brackets
D:7:      layout_cave_pools, chequers_mini_garden, kennysheep_pointless_box,
          minmay_misc_feat_ornament, grunt_ogre_cave
D:8:      layout_basic, serial_shops, nicolae_shop_waterfront,
          minmay_fractal_squares_gapless_5
D:9:      minmay_blocky_corners, layout_cave_pools, old_standard_altar,
          lemuel_mausoleum_altar_kikubaaqudgha, mainiacjoe_overflow_boulevard,
          dpeg_lair_monsters, orc_david_3, minmay_joined_circles

Skill      XL: |  1  2  3  4  5  6  7  8  9 10 |
---------------+-------------------------------+-----
Stealth        | 10 | 10.8
Long Blades    | 1 2 3 4 5 |  5.0
Axes           | 1 2 3 4 5 |  5.0
Maces & Flails | 1 2 3 4 5 |  5.0
Polearms       | 1 2 3 4 5 |  5.0
Staves         | 1 2 3 4 5 |  5.0
Slings         | 1 2 3 4 5 |  5.0
Bows           | 1 2 3 4 5 |  5.0
Crossbows      | 1 2 3 4 5 |  5.0
Throwing       | 1 2 3 4 5 |  5.0
Armour         | 1 2 3 4 5 |  5.0
Shields        | 1 2 3 4 5 |  5.0
Unarmed Combat | 1 2 3 4 5 |  5.0
Spellcasting   | 1 2 3 4 5 |  5.0
Invocations    | 1 2 3 4 5 |  5.5
Evocations     | 1 2 3 4 5 |  5.0
Conjurations   | 1 2 3 4 |  4.1
Hexes          | 1 2 3 4 |  4.1
Summonings     | 1 2 3 4 |  4.1
Necromancy     | 1 2 3 4 |  4.1
Translocations | 1 2 3 4 |  4.1
Transmutations | 1 2 3 4 |  4.1
Fire Magic     | 1 2 3 4 |  4.1
Ice Magic      | 1 2 3 4 |  4.1
Air Magic      | 1 2 3 4 |  4.1
Earth Magic    | 1 2 3 4 |  4.1
Poison Magic   | 1 2 3 4 |  4.1
Short Blades   | 5 6 |  6.8
Dodging        | 5 6 |  6.8
Fighting       | 7 8 |  8.3

Action                   |  1- 3 |  4- 6 |  7- 9 | 10-12 || total
-------------------------+-------+-------+-------+-------++-------
Melee: Short sword       |     3 |   145 |   645 |    89 ||   882
       Bite              |       |     6 |    96 |    11 ||   113
       Punch             |       |       |    27 |     3 ||    30
Invok: Recall Undead Har |       |       |     1 |     1 ||     2
Evoke: Wand              |       |       |     4 |     5 ||     9
  Use: Scroll            |       |     8 |    13 |       ||    21
 Stab: Sleeping          |     3 |    24 |    18 |       ||    45
       Distracted        |       |     2 |     6 |       ||     8
Armor: Ring mail         |       |    36 |   204 |    17 ||   257
Dodge: Dodged            |       |    43 |   325 |    51 ||   419
